 Dungeon Sprint DCSS version 0.24.0-123-gd5b16e6ec5 (webtiles) character file.

Game seed: 6651653725893945332, levelgen mode: deterministic

5000000 Groucho the Axe Maniac (level 26, -39/290 HPs)
             Began as a Deep Dwarf Assassin on Jan 11, 2020.
             Was the Champion of Makhleb.
             Annihilated by a destroyer
             ... wielding a +9 great sword of slicing
              (202 damage)
             ... in the Dungeon (Sprint VIII: "Arena of Blood").
             The game lasted 00:02:56 (50 turns).

Groucho the Axe Maniac (Deep Dwarf Assassin)          Turns: 50, Time: 00:02:56

Health: -39/290    AC:  6    Str: 16    XL:     26   Next: 24%
Magic:  25/54      EV: 36    Int: 15    God:    Makhleb [******]
Gold:   0          SH:  0    Dex: 22    Spells: 79/79 levels left

rFire    . . .     SeeInvis .   m - +โˆž Axe of Woe
rCold    . . .     Gourm    .   (shield currently unavailable)
rNeg     + . .     Faith    .   b - +0 robe
rPois    .         Spirit   .   (no helmet)
rElec    .         Reflect  .   c - +0 cloak
rCorr    .         Harm     .   (no gloves)
MR       +++..     NoTele   +   (no boots)
Stlth    +++++++++.             (no amulet)
HPRegen  0.00/turn              (no ring)
MPRegen  0.34/turn              (no ring)

@: non-regenerating
A: damage resistance, heal wounds, negative energy resistance 1, sense
surroundings 3, no regeneration
a: Heal Wounds, Minor Destruction, Lesser Servant of Makhleb, Major Destruction,
Greater Servant of Makhleb, Renounce Religion


You were in the Dungeon.
You worshipped Makhleb.
Makhleb was exalted by your worship.
You were not hungry.

You visited 1 branch

Inventory:

Hand Weapons
 a - a +2 dagger
 m - the +โˆž Axe of Woe (weapon)
   (You found it in the Dungeon)
 n - a +9 great sword of slicing
Missiles
 d - 8 poisoned darts (quivered)
 e - 2 curare-tipped darts
Armour
 b - a +0 robe (worn)
 c - a +0 cloak (worn)
Jewellery
 o - a +200 ring of slaying
Scrolls
 l - a scroll of blinking
Potions
 g - a potion of curing
 h - a potion of heal wounds
 i - a potion of haste
 j - 2 potions of magic
 k - a potion of berserk rage
Comestibles
 f - a ration


   Skills:
 O Level 27 Fighting
 O Level 27 Short Blades
 O Level 27 Long Blades
 O Level 27 Axes
 O Level 27 Throwing
 O Level 27 Armour
 O Level 27 Dodging
 O Level 27 Stealth
 O Level 27 Unarmed Combat
 O Level 27 Spellcasting
 O Level 27 Invocations


You had 79 spell levels left.
You didn't know any spells.
Your spell library was empty.

Dungeon Overview and Level Annotations

Branches:
Dungeon (1/1)

Altars:
Makhleb

Annotations:
D The Servant


Innate Abilities, Weirdness & Mutations

You are resistant to damage.
You can heal yourself by infusing magical energy.
You resist negative energy. (rN+)
You passively map a large area around you.
You do not regenerate.


Message History

You cleave the nine-headed meat hydra in twain.
You kill the nine-headed meat hydra!
Makhleb accepts your kill.
You slice the meat berserker!!
You pulverise the meat berserker into a thin bloody mist.
You kill the meat berserker!
Makhleb accepts your kill.
You feel better.
You hear a shout! x4
The destroyer blinks! 2 orcs and 2 ogres come into view.
The meat berserker shouts!
You hear a shout! x2
The eight-headed meat hydra calls on the powers of darkness!
The eight-headed meat hydra convulses!
The bag of meat convulses!
Your body is wracked with pain!
The Servant convulses!
The meat berserker convulses!
The bag of meat convulses!
You hear a shout! x3
The destroyer hits you with a +9 great sword of slicing!!!!!
Ouch! That really hurt!
You die...

* , , .. .....,,
, , , ,, , , ,
#.. ...# , , ,,
* #.. ,...# . *
, .###..
.ยง.###.., , ,
.....z###......,
, ,,, ,*
,......_..... ,
,, , * #D)X).#,
, , , , * , .
,#_oxx_# , ., ,
, , , , *,
...V#.)@X.#....
, *, , ,, ,
..oxz@)_VoO....
, , , , ,
....z.###......
,*, , ,, ,
.###.. ...###..
, , ,, ,#..,
...# . , , , ,
,,, , ,#. ..O# ,
, , , o O.,
..... , , * *
,,, Oo , ,,,..
,,, , , ,*, , ,,
, * , * ,,


You could see The Servant, an eight-headed meat hydra, a destroyer, 3 sculptors
of flesh, a large bag of meat (inner flame), 2 large abominations, 3 meat
berserkers, 4 bags of meat and 3 crawling corpses.

Vanquished Creatures
  8 vampire knights (D)
  17 ogres (D)
  2 two-headed ogres (D)
  A hydra (D)
  22 orcs (D)
  4 large abominations (D)
  2 crawling corpses (D)
56 creatures vanquished.

Notes
Turn   | Place    | Note
-------+----------+-------------------------------------------
     0 | D        | Found the +โˆž Axe of Woe
     0 | D        | Groucho the Deep Dwarf Assassin began the quest for the
                  | Orb.
     0 | D        | Reached XP level 1. HP: 19/19 MP: 1/1
     2 | D        | Noticed a bag of meat
     3 | D        | Noticed a bag of meat
     4 | D        | Noticed a meat berserker
     4 | D        | Became a worshipper of Makhleb the Destroyer
     5 | D        | Noticed a bag of meat
     5 | D        | Noticed a bag of meat
     5 | D        | Noticed a bag of meat
     7 | D        | Killed a meat berserker
     7 | D        | Reached XP level 2. HP: 26/26 MP: 2/2
     7 | D        | Reached XP level 3. HP: 32/32 MP: 3/3
     7 | D        | Reached XP level 4. HP: 39/39 MP: 4/4
     7 | D        | Reached XP level 5. HP: 45/45 MP: 5/5
     7 | D        | Reached XP level 6. HP: 52/52 MP: 6/6
     7 | D        | Reached XP level 7. HP: 58/58 MP: 7/7
     7 | D        | Reached XP level 8. HP: 66/66 MP: 8/8
     7 | D        | Gained mutation: You passively map the area around you.
                  | [Deep Dwarf growth]
     7 | D        | Reached XP level 9. HP: 73/73 MP: 9/9
     7 | D        | Reached XP level 10. HP: 80/80 MP: 10/10
     7 | D        | Reached XP level 11. HP: 86/86 MP: 11/11
     7 | D        | Reached XP level 12. HP: 93/93 MP: 12/12
     7 | D        | Reached XP level 13. HP: 99/99 MP: 13/13
     7 | D        | Noticed a meat berserker
     7 | D        | Noticed a bag of meat
     7 | D        | Noticed a bag of meat
     7 | D        | Noticed a bag of meat
     8 | D        | Noticed a meat berserker
     8 | D        | Killed a meat berserker
     8 | D        | Reached * piety under Makhleb
     8 | D        | Reached skill level 27 in Axes
     8 | D        | Reached skill level 27 in Dodging
     8 | D        | Reached skill level 5 in Armour
     8 | D        | Gained mutation: You resist negative energy. (rN+) [Deep
                  | Dwarf growth]
     8 | D        | Reached XP level 14. HP: 115/115 MP: 14/14
     9 | D        | Killed a bag of meat
     9 | D        | Killed a bag of meat
     9 | D        | Reached XP level 15. HP: 151/151 MP: 15/15
     9 | D        | Reached ** piety under Makhleb
    10 | D        | Noticed a meat berserker
    13 | D        | Killed a meat berserker
    13 | D        | Reached XP level 16. HP: 182/182 MP: 16/16
    13 | D        | Reached *** piety under Makhleb
    15 | D        | Reached skill level 27 in Armour
    15 | D        | Reached XP level 17. HP: 200/200 MP: 17/17
    15 | D        | Killed a meat berserker
    15 | D        | Reached skill level 27 in Fighting
    17 | D        | Reached **** piety under Makhleb
    17 | D        | Reached skill level 27 in Invocations
    17 | D        | Gained mutation: You passively map a large area around you.
                  | [Deep Dwarf growth]
    17 | D        | Reached XP level 18. HP: 218/218 MP: 17/35
    17 | D        | Noticed a meat berserker
    18 | D        | Noticed a meat berserker
    20 | D        | Noticed a meat berserker
    22 | D        | Noticed a large bag of meat
    22 | D        | Killed a large bag of meat
    22 | D        | Reached ***** piety under Makhleb
    22 | D        | Reached XP level 19. HP: 176/226 MP: 18/36
    22 | D        | Killed a meat berserker
    22 | D        | Reached skill level 27 in Short Blades
    22 | D        | Noticed a meat berserker
    23 | D        | Killed a meat berserker
    23 | D        | Reached XP level 20. HP: 236/236 MP: 18/37
    23 | D        | Noticed a meat berserker
    24 | D        | Noticed a large bag of meat
    24 | D        | Killed a meat berserker
    25 | D        | Noticed a meat berserker
    25 | D        | Noticed a destroyer
    26 | D        | Killed a meat berserker
    26 | D        | Noticed a meat berserker
    27 | D        | Reached XP level 21. HP: 244/244 MP: 19/38
    28 | D        | Reached ****** piety under Makhleb
    28 | D        | Reached skill level 27 in Throwing
    28 | D        | Reached skill level 27 in Unarmed Combat
    29 | D        | Killed a large bag of meat
    29 | D        | Noticed a destroyer
    30 | D        | Reached XP level 22. HP: 254/254 MP: 19/52
    31 | D        | Reached skill level 27 in Spellcasting
    31 | D        | Reached skill level 15 in Stealth
    31 | D        | Killed a destroyer
    31 | D        | Reached skill level 27 in Stealth
    32 | D        | Noticed a destroyer
    33 | D        | Noticed a destroyer
    34 | D        | Reached XP level 23. HP: 262/262 MP: 20/54
    35 | D        | Killed a destroyer
    35 | D        | Noticed a destroyer
    36 | D        | Killed a destroyer
    36 | D        | Reached XP level 24. HP: 272/272 MP: 21/54
    37 | D        | Killed a destroyer
    38 | D        | Noticed a destroyer
    40 | D        | Noticed a destroyer
    40 | D        | Noticed a destroyer
    41 | D        | Killed a destroyer
    41 | D        | Reached XP level 25. HP: 238/280 MP: 22/54
    42 | D        | Noticed a destroyer
    42 | D        | Noticed The Servant
    43 | D        | Reached skill level 27 in Long Blades
    43 | D        | Killed a destroyer
    44 | D        | Killed a destroyer
    45 | D        | Killed a destroyer
    46 | D        | Reached XP level 26. HP: 198/290 MP: 23/54
    46 | D        | Noticed a destroyer
    50 | D        | Annihilated by a destroyer

Levels and vault maps discovered:
D:        meatsprint

Skill      XL: |  1  2  3  4  5  6  7  8  9 10 11 12 13 14 15 16 17 18 19 20 21 22 23 24 25 |
---------------+----------------------------------------------------------------------------+-----
Axes           | 23 27 | 27.0
Dodging        | 23 27 | 27.0
Fighting       | 4 14 21 24 27 | 27.0
Armour         | 5 16 24 27 | 27.0
Invocations    | 27 | 27.0
Short Blades   | 4 23 27 | 27.0
Throwing       | 18 26 27 | 27.0
Unarmed Combat | 18 26 27 | 27.0
Spellcasting   | 26 27 | 27.0
Stealth        | 27 | 27.0
Long Blades    | 27 | 27.0

Action                   |  1- 3 |  4- 6 |  7- 9 | 10-12 | 13-15 | 16-18 | 19-21 | 22-24 | 25-27 || total
-------------------------+-------+-------+-------+-------+-------+-------+-------+-------+-------++-------
Melee: Executioner's axe |     1 |       |       |       |     4 |     6 |     7 |    10 |     7 ||    35
Dodge: Dodged            |     1 |       |       |       |       |       |     1 |       |       ||     2
